 Dungeon Crawl Stone Soup version 0.30.1-4-g462c640d31 (webtiles) character file.

Game seed: 3082809609908185213

96 Almogavar the Slasher (level 4, -1/61 HPs)
             Began as a Minotaur Berserker on Aug 25, 2023.
             Was a Believer of Trog.
             Slain by Grinder (6 damage)
             ... while paralysed by Grinder
             ... on level 3 of the Dungeon.
             The game lasted 00:05:32 (1398 turns).

Almogavar the Slasher (Minotaur Berserker)          Turns: 1398, Time: 00:05:33

Health: -1/61      AC:  2    Str: 23    XL:     4   Next: 41%
Magic:  3/3        EV:  2    Int:  4    God:    Trog [**....]
Gold:   82         SH:  0    Dex: 10    Spells: 3/3 levels left

rFire   . . .        a - +0 falchion
rCold   . . .        (no shield)
rNeg    . . .        b - +0 animal skin
rPois   .            (helmet restricted)
rElec   .            (no cloak)
rCorr   .            (no gloves)
SInv    .            (no boots)
Will    .....        (no amulet) Stlth
                     (no ring)
HPRegen 0.30/turn    (no ring)
MPRegen 0.08/turn

%: no passive effects
@: paralysed, berserking (expiring)
A: horns 2, retaliatory headbutt
a: Renounce Religion, Berserk, Trog's Hand


You were on level 3 of the Dungeon.
You worshipped Trog.
Trog was pleased with you.
You visited 1 branch of the dungeon, and saw 3 of its levels.

You collected 82 gold pieces.

Inventory:

Hand Weapons
 a - a +0 falchion (weapon)
 c - a +0 sling
Missiles
 i - 17 stones (quivered)
Armour
 b - a +0 animal skin (worn)
 o - a +1 chain mail
Wands
 d - a wand of paralysis (14)
Scrolls
 f - a scroll of blinking
 g - 2 scrolls of enchant armour
 j - a scroll of summoning
 k - a scroll of torment {unknown}
 n - a scroll of immolation {unknown}
Potions
 h - a potion of lignification
 l - 2 potions of cancellation {unknown}
 m - a potion of experience {unknown}
 p - a potion of flight {unknown}


   Skills:
 + Level 4.5 Fighting
 + Level 5.0 Long Blades
 + Level 2.5 Armour
 + Level 3.1 Dodging
 + Level 0.1 Stealth


You had 3 spell levels left.
You didn't know any spells.
Your spell library was empty.

Dungeon Overview and Level Annotations

Branches:
Dungeon (3/15)

Altars:

Shops:
D:1 !

Annotations:
D:3 Grinder


Innate Abilities, Weirdness & Mutations

You have a pair of horns on your head.
You reflexively headbutt those who attack you in melee.


Message History

Found 4 stones.
The bat closely misses you. The bat misses you. You furiously retaliate!
You headbutt the bat!
You kill the bat!
Trog accepts your kill.
No target in view!
No target in view!
g - 2 scrolls of enchant armour (gained 1) Grinder comes into view.
Grinder shouts!
Grinder blinks!
A red film seems to cover your vision as you go berserk!
You feel yourself moving faster!
You feel mighty! Grinder hits you.
You writhe in agony.
You hit Grinder.
Grinder is lightly wounded.
Grinder hits you.
You closely miss Grinder.
Grinder is lightly wounded.
Grinder hits you!
You barely miss Grinder.
Grinder is lightly wounded.
You closely miss Grinder. Your punch misses Grinder.
Grinder is lightly wounded.
Grinder hits you.
You writhe in agony.
You slash Grinder!
Grinder is heavily wounded.
Grinder gestures at you.
You suddenly lose the ability to move!
Grinder hits you!
You writhe in agony.
Grinder hits you!
* * * LOW HITPOINT WARNING * * *
You writhe in agony.
* * * LOW HITPOINT WARNING * * *
Grinder hits you but does no damage. Grinder hits you.
* * * LOW HITPOINT WARNING * * *
You writhe in agony.
* * * LOW HITPOINT WARNING * * *
Grinder hits you.
You die...

#..... #.#
#...... #.####
#.?....##....#
#............#
.[...#.....#
.... ##....#
###
###....#...
#(†.......[
#.@..>..###
#.5..####
#.....#
#....## #....#
#..... #.....
#......


You could see Grinder.

Vanquished Creatures
  An iguana (D:3)
  2 adders (D:3)
  A dart slug (D:2)
  6 orcs (D:2)
  4 ball pythons
  7 endoplasms
  A giant cockroach (D:2)
  6 goblins
  A hobgoblin (D:1)
  A quokka (D:2)
  5 bats
  2 frilled lizards
  4 rats
41 creatures vanquished.

Notes
Turn   | Place    | Note
-------+----------+-------------------------------------------
     0 | D:1      | Almogavar the Minotaur Berserker began the quest for the
                  | Orb.
     0 | D:1      | Reached XP level 1. HP: 19/19 MP: 0/0
   298 | D:1      | Found Qosokynk's Distillery.
   309 | D:1      | Reached XP level 2. HP: 27/27 MP: 1/1
   342 | D:1      | Reached skill level 4 in Long Blades
   658 | D:1      | Found a faded altar of an unknown god.
   818 | D:2      | Reached ** piety under Trog
   826 | D:2      | Reached XP level 3. HP: 24/34 MP: 2/2
  1164 | D:3      | Reached XP level 4. HP: 16/41 MP: 3/3
  1378 | D:3      | Reached skill level 5 in Long Blades
  1386 | D:3      | Noticed Grinder
  1393 | D:3      | Paralysed by Grinder for 5 turns
  1398 | D:3      | Slain by Grinder

Illustrated notes

Levels and vault maps discovered:
D:1:      minmay_arrival_doors, layout_loops_cross, serial_shops, shop,
          hellmonk_ecumenical_altar_leap_of_faith, minmay_door_square
D:2:      layout_rooms
D:3:      layout_basic, minitemple, fedhas_altar_2, uniq_grinder,
          uniq_crazy_yiuf_cottage

Skill      XL: |  1  2  3  4 |
---------------+-------------+-----
Fighting       | 4 |  4.5
Long Blades    | 4 5 |  5.0
Dodging        | 3 |  3.1
Armour         | |  2.5
Stealth        | |  0.1

Action                     |  1- 3 |  4- 6 || total
---------------------------+-------+-------++-------
  Melee: Falchion          |    81 |    28 ||   109
         Headbutt          |     8 |     3 ||    11
         Punch             |     1 |       ||     1
 Invoke: Berserk           |       |     1 ||     1
    Use: Scroll            |     8 |       ||     8
 Armour: Animal skin       |    16 |     7 ||    23
  Dodge: Dodged            |    65 |    16 ||    81
